IL
NASHVILLE SOUNDS @ CHARLOTTE KNIGHTS
08/13/2047
 
TOP OF THE 1ST
Nashville Sounds batting - Pitching for Charlotte Knights : LHP Randy Karnes
Pitching: LHP Randy Karnes
Batting: RHB Jeff Garofalo 0-0: Called Strike
0-1: Foul Ball, location: 2F
0-2: Foul Ball, location: 2F
0-2: Ball
1-2: Fly out, F9 (Flyball, 89D, EV 89.4 MPH)
Batting: RHB Yonetoshi Muranaka 0-0: Ball
1-0: Ball
2-0: Ball
3-0: Called Strike
3-1: Ground out 5-3 (Groundball, 56S, EV 90.6 MPH)
Batting: RHB Jorge Bernal 0-0: Swinging Strike
0-1: Foul Ball, location: 2F
0-2: SINGLE (Groundball, 56D, EV 103.1 MPH)
Batting: LHB Andy Schumacher 0-0: Called Strike
Jorge Bernal is caught stealing 2nd base 2-6
Top of the 1st over - 0 runs, 1 hit, 0 errors, 0 left on base; Nashville 0 - Charlotte 0
BOTTOM OF THE 1ST
Charlotte Knights batting - Pitching for Nashville Sounds : RHP Hunter Vanderhyden
Pitching: RHP Hunter Vanderhyden
Batting: RHB Jeremy Hoffert 0-0: Called Strike
0-1: Ground out 6-3 (Groundball, 6MD, EV 104.4 MPH)
Batting: LHB Ricardo Pagan 0-0: Foul Ball, location: 2F
0-1: Swinging Strike
0-2: Foul Ball, location: 2F
0-2: Foul Ball, location: 2F
0-2: Strikes out swinging
Batting: RHB Jason Moss 0-0: Called Strike
0-1: Foul Ball, location: 2F
0-2: Strikes out swinging
Bottom of the 1st over - 0 runs, 0 hits, 0 errors, 0 left on base; Nashville 0 - Charlotte 0
TOP OF THE 2ND
Nashville Sounds batting - Pitching for Charlotte Knights : LHP Randy Karnes
Batting: LHB Andy Schumacher 0-0: Ball
1-0: Ball
2-0: Swinging Strike
2-1: Ball
3-1: Base on Balls
Batting: RHB Wade Diamond 0-0: Fly out, F7 (Flyball, 78M, EV 87.5 MPH)
Batting: RHB Tim Cordle 0-0: Ball
1-0: Swinging Strike
1-1: Fielders Choice at 2nd, 5-4 (Groundball, 5, EV 78.1 MPH)
Batting: RHB Robby Godwin 0-0: Called Strike
0-1: Ball
1-1: Ball
2-1: SINGLE (Flyball, 6D, EV 86.2 MPH)
Tim Cordle to second
Batting: RHB Eduardo Chavez 0-0: Ball
1-0: Fly out, F9 (Flyball, 89M, EV 87.5 MPH)
Top of the 2nd over - 0 runs, 1 hit, 0 errors, 2 left on base; Nashville 0 - Charlotte 0
BOTTOM OF THE 2ND
Charlotte Knights batting - Pitching for Nashville Sounds : RHP Hunter Vanderhyden
Batting: LHB Hirakito Herring 0-0: Ball
1-0: Called Strike
1-1: Ball
2-1: Foul Ball, location: 2F
2-2: Strikes out swinging
Batting: RHB Vic Lucatero 0-0: Ball
1-0: Ball
2-0: Ball
3-0: Called Strike
3-1: Base on Balls
Batting: LHB Carlos Ramirez 0-0: Called Strike
Vic Lucatero steals 2nd, throwing error, E2
Vic Lucatero to third
0-1: Called Strike
0-2: Ball
1-2: SINGLE (Groundball, 4MD, EV 110.0 MPH)
Vic Lucatero scores
Batting: LHB Angel Tellez 0-0: Called Strike
0-1: Called Strike
0-2: Fly out, F8 (Flyball, 8LS, EV 83.1 MPH)
Batting: RHB Jose Medina 0-0: Foul Ball, location: 2F
0-1: Ball
1-1: Called Strike
1-2: Foul Ball, location: 2F
1-2: Foul Ball, location: 2F
1-2: Foul Ball, location: 2F
1-2: Strikes out swinging
Bottom of the 2nd over - 1 run, 1 hit, 1 error, 1 left on base; Nashville 0 - Charlotte 1
TOP OF THE 3RD
Nashville Sounds batting - Pitching for Charlotte Knights : LHP Randy Karnes
Batting: SHB D.J. Codd 0-0: Called Strike
0-1: Ball
1-1: Ball
2-1: Ball
3-1: Fly out, F8 (Flyball, 8RM, EV 83.8 MPH)
Batting: RHB Jeff Garofalo 0-0: Ball
1-0: Foul Ball, location: 2F
1-1: Ball
2-1: Swinging Strike
2-2: Foul Ball, location: 2F
2-2: SINGLE (Groundball, 34D, EV 100.6 MPH)
Batting: RHB Yonetoshi Muranaka 0-0: Called Strike
0-1: Ball
1-1: Called Strike
1-2: Ball
2-2: Ball
Wild Pitch!
Jeff Garofalo to second
3-2: Fly out, F7 (Flyball, 7, EV 84.4 MPH)
Batting: RHB Jorge Bernal 0-0: Ball
1-0: Foul Ball, location: 2F
1-1: Called Strike
1-2: Ball
2-2: Foul Ball, location: 2F
2-2: Foul Ball, location: 2F
2-2: Foul Ball, location: 2F
2-2: Strikes out swinging
Top of the 3rd over - 0 runs, 1 hit, 0 errors, 1 left on base; Nashville 0 - Charlotte 1
BOTTOM OF THE 3RD
Charlotte Knights batting - Pitching for Nashville Sounds : RHP Hunter Vanderhyden
Batting: RHB Steve Waltenbery 0-0: Foul Ball, location: 2F
0-1: Ball
1-1: Ball
2-1: Ball
3-1: Base on Balls
Batting: RHB Jeremy Hoffert 0-0: Called Strike
Steve Waltenbery steals 2nd base
0-1: Fly out, F8 (Flyball, 8RD, EV 89.4 MPH)
Runner from 2nd tags up, SAFE at 3rd with throw by CF
Batting: LHB Ricardo Pagan 0-0: Ball
1-0: Called Strike
1-1: Foul Ball, location: 2F
1-2: Ball
2-2: Ground out 6-3 (Groundball, 6, EV 82.5 MPH)
Steve Waltenbery scores
Batting: RHB Jason Moss 0-0: SINGLE (Groundball, 25, EV 74.4 MPH) (infield hit)
Batting: LHB Hirakito Herring 0-0: Ball
Jason Moss steals 2nd base (no throw)
1-0: SINGLE (Groundball, 34D, EV 99.4 MPH) (infield hit)
Jason Moss to third
Batting: RHB Vic Lucatero 0-0: Foul Ball, location: 2F
0-1: Swinging Strike
0-2: Ball
1-2: Ball
2-2: Ball
3-2: Strikes out swinging
Bottom of the 3rd over - 1 run, 2 hits, 0 errors, 2 left on base; Nashville 0 - Charlotte 2
TOP OF THE 4TH
Nashville Sounds batting - Pitching for Charlotte Knights : LHP Randy Karnes
Batting: LHB Andy Schumacher 0-0: Ball
1-0: Ball
2-0: Ball
3-0: Called Strike
3-1: Called Strike
3-2: Fly out, F8 (Flyball, 78M, EV 90.0 MPH)
Batting: RHB Wade Diamond 0-0: Swinging Strike
0-1: Fly out, F8 (Flyball, 8RD, EV 91.2 MPH)
Batting: RHB Tim Cordle 0-0: Ball
1-0: DOUBLE (Flyball, 89XD, EV 99.4 MPH)
Batting: RHB Robby Godwin 0-0: Fly out, F7 (Flyball, 7D, EV 95.0 MPH)
Top of the 4th over - 0 runs, 1 hit, 0 errors, 1 left on base; Nashville 0 - Charlotte 2
BOTTOM OF THE 4TH
Charlotte Knights batting - Pitching for Nashville Sounds : RHP Hunter Vanderhyden
Batting: LHB Carlos Ramirez 0-0: Ground out 4-3 (Groundball, 4, EV 106.9 MPH)
Batting: LHB Angel Tellez 0-0: Called Strike
0-1: Called Strike
0-2: Hit by Pitch
Batting: RHB Jose Medina 0-0: Called Strike
Angel Tellez steals 2nd base
0-1: Ball
1-1: Foul Ball, location: 2F
1-2: SINGLE (Groundball, P, EV 86.2 MPH) (infield hit)
Angel Tellez to third
Batting: RHB Steve Waltenbery 0-0: Hit by Pitch
Jose Medina to second
Batting: RHB Jeremy Hoffert 0-0: Called Strike
0-1: Ball
1-1: Foul Ball, location: 2F
1-2: DOUBLE (Flyball, 8RD, EV 100.0 MPH)
Angel Tellez scores
Jose Medina scores
Steve Waltenbery to third
Batting: LHB Ricardo Pagan 0-0: Called Strike
0-1: Ball
1-1: Foul Ball, location: 2F
1-2: Ball
2-2: Ground out 6-3 (Groundball, 6, EV 86.2 MPH)
Steve Waltenbery scores
Jeremy Hoffert to third
Batting: RHB Jason Moss 0-0: Foul Ball, location: 2F
0-1: Ball
1-1: Foul Ball, location: 2F
1-2: Ball
2-2: Foul Ball, location: 2F
2-2: Fly out, F7 (Flyball, 7, EV 85.6 MPH)
Bottom of the 4th over - 3 runs, 2 hits, 0 errors, 1 left on base; Nashville 0 - Charlotte 5
TOP OF THE 5TH
Nashville Sounds batting - Pitching for Charlotte Knights : LHP Randy Karnes
Batting: RHB Eduardo Chavez 0-0: Called Strike
0-1: SINGLE (Flyball, 3D, EV 92.5 MPH)
Batting: SHB D.J. Codd 0-0: Called Strike
Eduardo Chavez steals 2nd, throwing error, E2
Eduardo Chavez to third
0-1: DOUBLE (Line Drive, 89XD, EV 108.1 MPH)
Eduardo Chavez scores
Batting: RHB Jeff Garofalo 0-0: Ball
1-0: Ball
2-0: Ball
3-0: Called Strike
3-1: Swinging Strike
3-2: Foul Ball, location: 2F
3-2: Fly out, F3 (Popup, 3F, EV 60.0 MPH)
Batting: RHB Yonetoshi Muranaka 0-0: Ball
1-0: SINGLE (Line Drive, 3D, EV 105.0 MPH)
D.J. Codd to third
Batting: RHB Jorge Bernal 0-0: Called Strike
0-1: Ball
1-1: Called Strike
1-2: Ball
2-2: Ball
3-2: Strikes out looking
Yonetoshi Muranaka steals 2nd base
Batter strikes out.
Batting: LHB Andy Schumacher 0-0: Ball
1-0: Foul Ball, location: 2F
1-1: Ground out 5-3 (Groundball, 56, EV 83.1 MPH)
Top of the 5th over - 1 run, 3 hits, 1 error, 2 left on base; Nashville 1 - Charlotte 5
BOTTOM OF THE 5TH
Charlotte Knights batting - Pitching for Nashville Sounds : RHP Hunter Vanderhyden
Batting: LHB Hirakito Herring 0-0: Ground out 1-3 (Groundball, 15S, EV 68.8 MPH)
Batting: RHB Vic Lucatero 0-0: Ball
1-0: Called Strike
1-1: Ball
2-1: Foul Ball, location: 2F
2-2: Strikes out swinging
Batting: LHB Carlos Ramirez 0-0: Foul Ball, location: 2F
0-1: Ball
1-1: Ball
2-1: Ball
3-1: Foul Ball, location: 2F
3-2: Base on Balls
Pitching: RHP A.J. Marston
Batting: LHB Angel Tellez 0-0: Ball
1-0: Called Strike
1-1: Ground out 4-3 (Groundball, 34S, EV 90.6 MPH)
Bottom of the 5th over - 0 runs, 0 hits, 0 errors, 1 left on base; Nashville 1 - Charlotte 5
TOP OF THE 6TH
Nashville Sounds batting - Pitching for Charlotte Knights : LHP Randy Karnes
Batting: RHB Wade Diamond 0-0: Foul Ball, location: 2F
0-1: Ball
1-1: Foul Ball, location: 2F
1-2: Ground out 6-3 (Groundball, 6, EV 87.5 MPH)
Batting: RHB Tim Cordle 0-0: Foul Ball, location: 2F
0-1: Swinging Strike
0-2: Strikes out looking
Batting: RHB Robby Godwin 0-0: Ball
1-0: Swinging Strike
1-1: DOUBLE (Groundball, 5L, EV 99.4 MPH)
Pitching: RHP Luis Castillo
Batting: RHB Eduardo Chavez 0-0: Ball
1-0: Ball
2-0: Foul Ball, location: 2F
2-1: Ball
3-1: SINGLE (Line Drive, 8RS, EV 111.9 MPH)
Robby Godwin to third
Batting: SHB D.J. Codd 0-0: Fielders Choice at 2nd, 5-4 (Groundball, 5L, EV 98.8 MPH)
Top of the 6th over - 0 runs, 2 hits, 0 errors, 2 left on base; Nashville 1 - Charlotte 5
BOTTOM OF THE 6TH
Charlotte Knights batting - Pitching for Nashville Sounds : RHP A.J. Marston
Batting: RHB Jose Medina 0-0: Ball
1-0: Called Strike
1-1: Fly out, F8 (Line Drive, 8LM, EV 86.2 MPH)
Batting: RHB Steve Waltenbery 0-0: Foul Ball, location: 2F
0-1: Foul Ball, location: 2F
0-2: Strikes out swinging
Batting: RHB Jeremy Hoffert 0-0: SINGLE (Line Drive, 6D, EV 98.8 MPH)
Batting: LHB Ricardo Pagan 0-0: Called Strike
Jeremy Hoffert steals 2nd base (no throw)
0-1: Ball
1-1: Ball
2-1: Swinging Strike
2-2: Strikes out swinging
Bottom of the 6th over - 0 runs, 1 hit, 0 errors, 1 left on base; Nashville 1 - Charlotte 5
TOP OF THE 7TH
Nashville Sounds batting - Pitching for Charlotte Knights : RHP Luis Castillo
Batting: RHB Jeff Garofalo 0-0: Ball
1-0: Ball
2-0: SINGLE (Groundball, 15S, EV 70.0 MPH) (infield hit)
Batting: RHB Yonetoshi Muranaka Pickoff Throw to First - Error! E1
Jeff Garofalo to second
0-0: Ground out 4-3 (Groundball, 4S, EV 94.4 MPH)
Jeff Garofalo to third
Batting: RHB Jorge Bernal 0-0: Ball
1-0: Called Strike
1-1: SINGLE (Line Drive, 9S, EV 93.8 MPH)
Jeff Garofalo scores
Batting: LHB Andy Schumacher 0-0: Ball
1-0: Ball
2-0: Called Strike
2-1: Swinging Strike
2-2: Foul Ball, location: 2F
2-2: Strikes out swinging
Batting: RHB Wade Diamond 0-0: Ball
1-0: Called Strike
Jorge Bernal is caught stealing 2nd base 2-4
Top of the 7th over - 1 run, 2 hits, 1 error, 0 left on base; Nashville 2 - Charlotte 5
BOTTOM OF THE 7TH
Charlotte Knights batting - Pitching for Nashville Sounds : RHP A.J. Marston
Batting: RHB Jason Moss 0-0: Ball
1-0: Fly out, F4 (Popup, 4S, EV 75.0 MPH)
Batting: LHB Hirakito Herring 0-0: Swinging Strike
0-1: Ground out 4-3 (Groundball, 4M, EV 104.4 MPH)
Batting: RHB Vic Lucatero 0-0: Foul Ball, location: 2F
0-1: Ball
1-1: Ball
2-1: Ball
3-1: Called Strike
3-2: Fly out, F5 (Popup, 25F, EV 88.1 MPH)
Bottom of the 7th over - 0 runs, 0 hits, 0 errors, 0 left on base; Nashville 2 - Charlotte 5
TOP OF THE 8TH
Nashville Sounds batting - Pitching for Charlotte Knights : RHP Luis Castillo
Now at 3B: Jason Bresnahan
Batting: RHB Wade Diamond 0-0: Foul Ball, location: 2F
0-1: Called Strike
0-2: Ball
1-2: Fly out, F9 (Flyball, 89S, EV 76.2 MPH)
Batting: RHB Tim Cordle 0-0: Ball
1-0: Foul Ball, location: 2F
1-1: Ball
2-1: Ball
3-1: Swinging Strike
3-2: Fly out, F4 (Popup, 34D, EV 52.5 MPH)
Batting: RHB Robby Godwin 0-0: Swinging Strike
0-1: Ball
1-1: Ball
2-1: Called Strike
2-2: DOUBLE (Groundball, 5L, EV 99.4 MPH)
Batting: RHB Eduardo Chavez 0-0: Called Strike
0-1: Ball
1-1: Ball
2-1: Ball
3-1: Foul Ball, location: 2F
3-2: Strikes out swinging
Top of the 8th over - 0 runs, 1 hit, 0 errors, 1 left on base; Nashville 2 - Charlotte 5
BOTTOM OF THE 8TH
Charlotte Knights batting - Pitching for Nashville Sounds : RHP A.J. Marston
Batting: LHB Carlos Ramirez 0-0: Ball
1-0: Called Strike
1-1: Swinging Strike
1-2: SINGLE (Groundball, 34D, EV 103.1 MPH)
Batting: LHB Angel Tellez 0-0: Ball
1-0: Called Strike
1-1: Ball
2-1: Ball
3-1: Base on Balls
Carlos Ramirez to second
Batting: RHB Jose Medina 0-0: Bunted foul
0-1: Ball
1-1: Bunt missed!
1-2: Ball
2-2: Ball
3-2: Foul Ball, location: 2F
3-2: Grounds into double play, 6-4-3 (Groundball, 6S, EV 80.0 MPH)
Carlos Ramirez to third
Batting: RHB Steve Waltenbery 0-0: Foul Ball, location: 2F
0-1: Ball
1-1: Swinging Strike
1-2: Ball
2-2: Fly out, F6 (Popup, 6MS, EV 78.1 MPH)
Bottom of the 8th over - 0 runs, 1 hit, 0 errors, 1 left on base; Nashville 2 - Charlotte 5
TOP OF THE 9TH
Nashville Sounds batting - Pitching for Charlotte Knights : RHP Luis Castillo
Pitching: LHP Steven Wolf
Batting: SHB D.J. Codd 0-0: Foul Ball, location: 2F
0-1: Foul Ball, location: 2F
0-2: Foul Ball, location: 2F
0-2: Ball
1-2: Foul Ball, location: 2F
1-2: Ball
2-2: Strikes out swinging
Batting: RHB Jeff Garofalo 0-0: Called Strike
0-1: Ball
1-1: Ball
2-1: Ball
3-1: Foul Ball, location: 2F
3-2: Fly out, F7 (Flyball, 7, EV 89.4 MPH)
Batting: RHB Yonetoshi Muranaka 0-0: Swinging Strike
0-1: Foul Ball, location: 2F
0-2: Strikes out looking
Top of the 9th over - 0 runs, 0 hits, 0 errors, 0 left on base; Nashville 2 - Charlotte 5
Thursday, December 15th , 2022 - OOTP Baseball 23.9 Build 102